[Event "ICC tourney 1955 (60 10)"]
[Site "Internet Chess Club"]
[Date "2020.08.08"]
[Round "4"]
[White "fluffypillow73"]
[Black "gitb98"]
[Result "1-0"]
[ICCResult "Black resigns"]
[WhiteElo "2057"]
[BlackElo "1897"]
[Opening "King's Indian: Four pawns attack, dynamic line"]
[ECO "E76"]
[NIC "KI.31"]
[Time "12:06:24"]
[TimeControl "3600+10"]

1. c4 Nf6 2. Nc3 g6 3. e4 d6 4. d4 Bg7 5. f4 O-O 6. Nf3 c5 7. d5 Nbd7 8. Be2
Ne8 9. O-O e5 10. f5 Ndf6 11. Bd3 Qe7 12. Qe1 h6 13. Qh4 g5 14. Nxg5 hxg5
15. Bxg5 Qd7 16. Rf3 Nh7 17. Be7 Qxe7 18. Qxe7 Bf6 19. Rg3+ Kh8 20. Qxf8+
Nxf8 21. Be2 Ng7 22. Nb5 Be7 23. f6 Bxf6 24. Nxd6 Kg8 25. Rf1 Bh4 26. Rb3 b6
27. Nxf7 Ng6 28. g3 Be7 29. h4 Bh3 30. Rf2 Rf8 31. Nh6+ Kh7 32. Rxf8 Nxf8
33. Nf7 Ng6 34. h5 Nh8 35. Nxh8 Kxh8 36. g4 Bxg4 37. Bxg4 Kh7 38. Rf3 Kh6
39. Rf7 Bg5 40. Rxa7 Nxh5 41. Bxh5 Kxh5 42. Rb7 Bd8 43. d6 Kg6 44. Rb8
{Black resigns}
1-0

[Event "ICC tourney 1955 (60 10)"]
[Site "Internet Chess Club"]
[Date "2020.08.08"]
[Round "4"]
[White "Mozart1"]
[Black "PearsonH"]
[Result "1-0"]
[ICCResult "Black checkmated"]
[WhiteElo "1890"]
[BlackElo "1758"]
[Opening "French: classical, Steinitz variation"]
[ECO "C14"]
[NIC "FR.06"]
[Time "12:06:20"]
[TimeControl "3600+10"]

1. e4 e6 2. d4 d5 3. Nc3 Nf6 4. Bg5 Be7 5. e5 Nfd7 6. Bxe7 Qxe7 7. f4 a6 8.
Qg4 O-O 9. Bd3 f5 10. Qf3 c5 11. dxc5 Nxc5 12. O-O-O b5 13. Nge2 b4 14. Nxd5
Qa7 15. Ne3 Bb7 16. Qg3 a5 17. Nc4 Bd5 18. Kb1 a4 19. Ne3 Be4 20. Bxe4 Nxe4
21. Qf3 Nc6 22. g4 Rfc8 23. gxf5 exf5 24. Nxf5 Nf2 25. Rhg1 Nxd1 26. Rxg7+
Qxg7 27. Qd5+ Kh8 28. Nxg7 Kxg7 29. Qxd1 Rd8 30. Qh1 Rac8 31. e6 Re8 32. f5
Kf6 33. Qe4 b3 34. Nf4 bxc2+ 35. Kc1 Ne7 36. h4 Nxf5 37. Nd5+ Kg6 38. Qg4+
Kh6 39. Qg5# {Black checkmated} 1-0

[Event "ICC tourney 1955 (60 10)"]
[Site "Internet Chess Club"]
[Date "2020.08.08"]
[Round "4"]
[White "RisingRook"]
[Black "Coolbull"]
[Result "1-0"]
[ICCResult "Black resigns"]
[WhiteElo "2000"]
[BlackElo "1811"]
[Opening "Giuoco Pianissimo"]
[ECO "C50"]
[NIC "IG.02"]
[Time "12:06:45"]
[TimeControl "3600+10"]

1. e4 e5 2. Nf3 Nc6 3. Bc4 Bc5 4. d3 Nf6 5. c3 O-O 6. O-O d5 7. exd5 Nxd5 8.
Re1 Bg4 9. Nbd2 Nf4 10. Ne4 Bb6 11. d4 Ng6 12. d5 Nce7 13. h3 Bxf3 14. Qxf3
Qd7 15. a4 a6 16. a5 Ba7 17. Bg5 Kh8 18. Qh5 Qf5 19. Qe2 h6 20. Bc1 Rad8 21.
g4 Qd7 22. Rd1 f5 23. gxf5 Qxf5 24. Qg4 Bxf2+ 25. Kh1 Qxg4 26. hxg4 Ba7 27.
d6 cxd6 28. Rxd6 Rxd6 29. Nxd6 Bc5 30. Nxb7 Bf2 31. Bxa6 e4 32. Bd2 e3 33.
Be1 Ne5 34. Be2 Nd5 35. a6 Ra8 36. Bxf2 exf2 37. Kg2 Nf4+ 38. Kxf2 Nxe2 39.
Kxe2 Nxg4 40. Kf3 Ne5+ 41. Ke4 Nc6 42. b4 Kg8 43. b5 Na7 44. c4 Kf7 45. b6
Nc8 46. c5 Ke7 47. Na5 Kd7 48. c6+ Ke6 49. Nc4 {Black resigns} 1-0

[Event "ICC tourney 1955 (60 10)"]
[Site "Internet Chess Club"]
[Date "2020.08.08"]
[Round "4"]
[White "tongchen"]
[Black "watermelon"]
[Result "1/2-1/2"]
[ICCResult "Game drawn by mutual agreement"]
[WhiteElo "1967"]
[BlackElo "1725"]
[Opening "French: Tarrasch, closed variation"]
[ECO "C05"]
[NIC "FR.17"]
[Time "12:07:18"]
[TimeControl "3600+10"]

1. e4 e6 2. d4 d5 3. Nd2 Nf6 4. e5 Nfd7 5. Bd3 c5 6. c3 Nc6 7. Ne2 Be7 8.
Nf3 O-O 9. O-O cxd4 10. cxd4 f6 11. exf6 Nxf6 12. Bf4 Bd7 13. a3 Rc8 14. Rc1
Nh5 15. Bg3 Nxg3 16. hxg3 Bg5 17. Rc3 Bf6 18. Qc2 g6 19. Rd1 e5 20. Qb3 Bg4
21. dxe5 Nxe5 22. Nxe5 Bxe5 23. Rxc8 Qxc8 24. Qxd5+ Qe6 25. Bc4 Qxd5 26.
Rxd5 Bxe2 27. Ba2 Bxg3 28. Rd2+ Kg7 29. Rxe2 Bd6 30. f3 Bc5+ 31. Kh2 Rd8 32.
Kg3 Rd4 33. Rc2 Bb6 34. Be6 Rd6 35. Bc8 Rc6 36. Rxc6 bxc6 37. Kf4 Kf6 38.
Ke4 Ke7 39. Bb7 Kd6 40. f4 h5 41. Ba6 Ke6 42. Bc4+ Kf6 43. b4 a5 44. Ba6
axb4 45. axb4 Ke7 46. Bb7 c5 47. b5 c4 48. Bd5 c3 49. Bb3 Kd6 50. Kd3 Kc5
51. Bf7 Kxb5 52. Bxg6 h4 53. Kxc3 Be3 54. f5 Kc5 55. Kd3 Bg5 56. Ke4 Bf6 57.
Bf7 Kd6 58. Kf4 Kc5 59. Kg4 Kd6 60. Kh5 Ke5 61. Kg6 Be7 62. Be6 Bf6 63. Bc8
Be7 64. Ba6 Bf6 65. Bd3 Bd8 66. Kf7 Bf6 67. Bb1 Bg5 68. Kg6 Be7 69. Kh5 Bf6
70. Bc2 Be7 {Game drawn by mutual agreement} 1/2-1/2

[Event "ICC tourney 1955 (60 10)"]
[Site "Internet Chess Club"]
[Date "2020.08.08"]
[Round "4"]
[White "slolla"]
[Black "kptl132"]
[Result "1/2-1/2"]
[ICCResult "Game drawn because neither player has mating material"]
[WhiteElo "1843"]
[BlackElo "2033"]
[Opening "Benkö gambit half accepted"]
[ECO "A57"]
[NIC "BI.45"]
[Time "12:07:06"]
[TimeControl "3600+10"]

1. d4 Nf6 2. c4 c5 3. d5 b5 4. cxb5 a6 5. b6 e6 6. Nc3 Nxd5 7. Nxd5 exd5 8.
Qxd5 Nc6 9. Nf3 Rb8 10. e4 Be7 11. Be2 O-O 12. O-O Rxb6 13. Rd1 d6 14. Bf4
Be6 15. Qd2 Nd4 16. Nxd4 cxd4 17. Qxd4 Bf6 18. e5 dxe5 19. Qxd8 Rxd8 20.
Rxd8+ Bxd8 21. Bxe5 f6 22. Bc3 Rd6 23. a3 Bb3 24. Kf1 Kf7 25. Rc1 a5 26. Be1
Rd4 27. Rc5 a4 28. Bc3 Rh4 29. g3 Rxh2 30. Bc4+ Bxc4+ 31. Rxc4 Bb6 32. Be1
Rh5 33. Rxa4 Ke7 34. Rc4 Kd6 35. b4 Kd5 36. Rh4 Rxh4 37. gxh4 h5 38. f3 Kc4
39. a4 g5 40. hxg5 fxg5 41. a5 Ba7 42. Bf2 Bb8 43. a6 Kxb4 44. a7 Bxa7 45.
Bxa7 Kc4 46. Be3 g4 47. f4 Kd5 48. Kg2 h4 49. Kf2 Ke4 50. Bd2 Kf5 51. Ke3 h3
52. Kf2 h2 53. Kg2 g3 54. Be3 Kg4 55. Bd2 Kf5 56. Be1 Kxf4 57. Bxg3+ Kg4 58.
Bxh2 {Game drawn because neither player has mating material} 1/2-1/2

[Event "ICC tourney 1955 (60 10)"]
[Site "Internet Chess Club"]
[Date "2020.08.08"]
[Round "4"]
[White "leojiang"]
[Black "kingsac1234"]
[Result "0-1"]
[ICCResult "White resigns"]
[WhiteElo "1870"]
[BlackElo "2161"]
[Opening "Queen's gambit declined"]
[ECO "D30"]
[NIC "QP.08"]
[Time "12:07:23"]
[TimeControl "3600+10"]

1. d4 d5 2. c4 e6 3. Nf3 Nf6 4. g3 c6 5. Nbd2 Bd6 6. Bg2 O-O 7. O-O Ne4 8.
Qc2 f5 9. b3 b6 10. Bb2 a5 11. Rfd1 Qe7 12. Ne5 Bb7 13. Nxe4 fxe4 14. f3
Bxe5 15. dxe5 exf3 16. Bxf3 Na6 17. Kg2 Rad8 18. Qc3 c5 19. a3 d4 20. Qd3
Rf5 21. Bc1 Rdf8 22. Rf1 Rxe5 23. Bd2 Ref5 24. Kg1 R5f7 25. Rae1 Nb8 26. Be4
h6 27. a4 Nc6 28. Bxc6 Bxc6 29. e3 e5 30. exd4 Rxf1+ 31. Rxf1 cxd4 32. Rxf8+
Qxf8 33. Be1 Qf6 34. Bf2 Qf3 35. Qxf3 Bxf3 36. Be1 Bd1 37. b4 axb4 38. Bxb4
Bxa4 39. Kf2 Kf7 40. c5 bxc5 41. Bxc5 g6 42. Kf3 Bc2 43. Ke2 Ke6 44. Kd2 Bb1
45. Bf8 h5 46. Kc1 Bf5 47. Kd2 Kd5 48. Bh6 e4 49. Bf4 e3+ 50. Ke2 Ke4 51. h4
d3+ 52. Kd1 Kf3 53. Ke1 Be6 54. Be5 d2+ {White resigns} 0-1

[Event "ICC tourney 1955 (60 10)"]
[Site "Internet Chess Club"]
[Date "2020.08.08"]
[Round "4"]
[White "winner08"]
[Black "piplup0621"]
[Result "0-1"]
[ICCResult "White checkmated"]
[WhiteElo "1759"]
[BlackElo "1912"]
[Opening "Caro-Kann defense"]
[ECO "B12"]
[NIC "CK.01"]
[Time "12:07:28"]
[TimeControl "3600+10"]

1. e4 c6 2. d4 d6 3. Nc3 g6 4. f4 Bg7 5. Nf3 Bg4 6. Be2 Nd7 7. h3 Bxf3 8.
Bxf3 e5 9. Be3 Qh4+ 10. Bf2 Qxf4 11. d5 Qf6 12. O-O Qe7 13. Qe2 Ngf6 14.
dxc6 bxc6 15. Qa6 O-O 16. Qxc6 Rfc8 17. Qa6 Nc5 18. Qe2 Rab8 19. b3 Ne6 20.
Qd2 Nd4 21. Rac1 Nxf3+ 22. gxf3 Qe6 23. Kg2 Nh5 24. Nd5 f5 25. c4 Rb7 26.
Rcd1 Rf8 27. Be3 f4 28. Bf2 Rff7 29. Nc3 Bf8 30. Nb5 Rbd7 31. Qd3 g5 32. Qd5
Qg6 33. b4 Kh8 34. c5 Nf6 35. Qe6 d5 36. exd5 Rde7 37. Qc8 Re8 38. Qc6 e4
39. d6 g4 40. Kh1 Qh5 41. h4 g3 42. Bxg3 fxg3 43. Kg2 Nd7 44. Nd4 Bg7 45.
Qa4 Bxd4 46. Rxd4 exf3+ 47. Kh3 Qf5+ 48. Rg4 Re4 49. Rxf3 Qxg4+ 50. Kg2
Qxf3+ 51. Kg1 Re1# {White checkmated} 0-1

[Event "ICC tourney 1955 (60 10)"]
[Site "Internet Chess Club"]
[Date "2020.08.08"]
[Round "4"]
[White "canary2016"]
[Black "Kausy"]
[Result "0-1"]
[ICCResult "White resigns"]
[WhiteElo "1941"]
[BlackElo "1736"]
[Opening "QGD Slav: 3.Nf3"]
[ECO "D11"]
[NIC "SL.01"]
[Time "12:06:24"]
[TimeControl "3600+10"]

1. d4 d5 2. c4 c6 3. Nf3 Nf6 4. g3 Bf5 5. Nc3 e6 6. Nh4 Bg6 7. Nxg6 hxg6 8.
Qb3 Qb6 9. c5 Qc7 10. Bf4 Qc8 11. Bg2 Nbd7 12. Qa4 Be7 13. b4 Nh5 14. Be3
Qc7 15. f4 g5 16. O-O gxf4 17. Bxf4 Nxf4 18. gxf4 g5 19. e3 Nf6 20. Qd1 gxf4
21. exf4 Rg8 22. Qf3 Kd7 23. Rae1 Rg7 24. Kh1 Rag8 25. Bh3 Ng4 26. Rg1 Bh4
27. Bxg4 Bxe1 28. Bxe6+ fxe6 29. Rxe1 Rf7 30. Ne2 Rf5 31. Qe3 Rg6 32. Rf1
Rgf6 33. Rg1 Qd8 34. Qh3 Rf7 35. Rg6 R5f6 36. Rg3 Qf8 37. Qg2 Qh6 38. Qf3
Qh7 39. a3 Qb1+ 40. Rg1 Qh7 41. Rg2 Rh6 42. Ng3 Rh4 43. Ne2 Rh3 44. Ng3 Qb1+
45. Rg1 Qc2 46. Qg2 Qh7 47. Qd2 Rxf4 48. Rg2 Rfh4 49. Qf2 Qb1+ 50. Rg1 Rxh2+
51. Qxh2 Rxh2+ 52. Kxh2 Qb2+ 53. Rg2 Qxd4 54. Nf1 Qf4+ 55. Kg1 d4 56. Rf2
Qg5+ 57. Rg2 Qd5 58. Rg7+ Ke8 59. Rxb7 d3 60. Rxa7 d2 61. Ra8+ Kf7 62. Ra7+
Kf6 63. Nxd2 Qxd2 64. Ra5 e5 65. Ra6 e4 66. Rxc6+ Ke5 67. Rd6 Qc1+ 68. Kf2
Qxa3 69. Rb6 Qf3+ 70. Kg1 e3 71. c6 e2 72. Rb5+ Kd6 {White resigns} 0-1

[Event "ICC tourney 1955 (60 10)"]
[Site "Internet Chess Club"]
[Date "2020.08.08"]
[Round "4"]
[White "Yucheng"]
[Black "cdj12417489"]
[Result "1-0"]
[ICCResult "Black resigns"]
[WhiteElo "1847"]
[BlackElo "1301"]
[Opening "King's Indian: 5.Be2"]
[ECO "E73"]
[NIC "KI.27"]
[Time "12:07:09"]
[TimeControl "3600+10"]

1. d4 Nf6 2. c4 g6 3. Nc3 Bg7 4. e4 d6 5. Be2 e5 6. dxe5 dxe5 7. Qxd8+ Kxd8
8. Nf3 Nbd7 9. Bg5 c6 10. O-O-O Kc7 11. b4 b6 12. b5 Bb7 13. bxc6 Bxc6 14.
Bxf6 Bxf6 15. Nd5+ Bxd5 16. cxd5 Kd6 17. Nd2 Rhc8+ 18. Kb1 b5 19. Nb3 a6 20.
g3 Bd8 21. Bg4 Rc4 22. Bxd7 Kxd7 23. Rde1 Kd6 24. f4 Bf6 25. Rhf1 Rf8 26.
Na5 Rb4+ 27. Ka1 exf4+ 28. e5+ Bxe5+ 29. Rxe5 Kxe5 30. Nc6+ Kxd5 31. Nxb4+
Kc4 32. Rxf4+ Kc3 33. Nxa6 Rd8 34. Rf3+ Rd3 35. Rxd3+ Kxd3 36. Nc7 f5 37.
Ne6 Ke4 38. Ng5+ Ke3 39. Nxh7 f4 40. gxf4 Kxf4 41. h4 Kg4 42. Nf8 g5 43.
hxg5 Kxg5 44. Kb2 Kf6 45. Kb3 Ke7 46. Nh7 Kd7 47. Kb4 Kc6 48. Nf6 Kb6 49.
Nd5+ Ka6 50. Nc7+ Kb6 51. Nxb5 Ka6 52. Nd6 Kb6 53. Nc4+ Ka6 54. a3 Ka7 55.
Kb5 Kb7 56. Nd6+ Ka7 57. a4 Ka8 58. Kb6 Kb8 59. a5 Ka8 60. a6 Kb8 61. Nb5
{Black resigns}
1-0

[Event "ICC tourney 1955 (60 10)"]
[Site "Internet Chess Club"]
[Date "2020.08.08"]
[Round "4"]
[White "Leolix"]
[Black "MrNormalName"]
[Result "1/2-1/2"]
[ICCResult "Game drawn because neither player has mating material"]
[WhiteElo "1959"]
[BlackElo "2182"]
[Opening "Nimzo-Indian: 4.e3, main line with ...c5"]
[ECO "E53"]
[NIC "NI.07"]
[Time "12:07:07"]
[TimeControl "3600+10"]

1. d4 Nf6 2. c4 e6 3. Nc3 Bb4 4. Nf3 O-O 5. e3 c5 6. Bd3 d5 7. cxd5 exd5 8.
O-O Nc6 9. a3 Ba5 10. Qc2 cxd4 11. Nxd4 Re8 12. b4 Bc7 13. Nxc6 bxc6 14. Ne2
Qd6 15. g3 a5 16. bxa5 Rxa5 17. Bb2 h6 18. Rac1 c5 19. Bc3 Rxa3 20. Bxf6
Qxf6 21. Bb5 Qf3 22. Nf4 Bxf4 23. Be2 Qe4 24. Qxe4 dxe4 25. gxf4 Ra5 26.
Rfd1 Be6 27. f5 Bb3 28. Rd7 Re5 29. Bc4 Bxc4 30. Rxc4 Rxf5 31. Rxe4 Ra1+ 32.
Kg2 Ra2 33. Rf4 Rxf4 34. exf4 Rc2 35. Rc7 g5 36. fxg5 hxg5 37. Kf3 Kg7 38.
Kg4 Kg6 39. Rc6+ f6 40. f3 Rc4+ 41. Kg3 Kf5 42. Rc8 Rc1 43. Rc6 Rc3 44. h3
Rc4 45. Rc8 Ke6 46. Rc6+ Ke5 47. Rc8 Rc1 48. Re8+ Kf5 49. Rc8 Rc3 50. Rc6
Ke5 51. Rc8 c4 52. Rc5+ Kd6 53. Rf5 Ke6 54. Rc5 f5 55. Rc6+ Kd5 56. Rf6 Ke5
57. Rc6 Rc1 58. Rc5+ Ke6 59. h4 gxh4+ 60. Kxh4 Kd6 61. Rc8 Ke5 62. Kg3 c3
63. Re8+ Kd4 64. Kf4 Kd3 65. Rd8+ Kc2 66. Kxf5 Rd1 67. Rc8 Kd2 68. f4 c2 69.
Kg6 Rg1+ 70. Kh6 Rf1 71. Kg5 c1=Q 72. Rxc1 Rxc1 73. f5 Rg1+ 74. Kh6 Rf1 75.
Kg6 Rg1+ 76. Kh6 Rf1 77. Kg6 Ke3 78. f6 Rg1+ 79. Kh7 Rf1 80. Kg7 Rg1+ 81.
Kh7 Ke4 82. f7 Rf1 83. Kg7 Rg1+ 84. Kh7 Rf1 85. Kg7 Ke5 86. f8=Q Rxf8 87.
Kxf8 {Game drawn because neither player has mating material} 1/2-1/2

[Event "ICC tourney 1955 (60 10)"]
[Site "Internet Chess Club"]
[Date "2020.08.08"]
[Round "4"]
[White "mikoyansuren"]
[Black "xyzchessdude"]
[Result "1-0"]
[ICCResult "Black forfeits on time"]
[WhiteElo "1897"]
[BlackElo "2034"]
[Opening "Trompowsky attack (Ruth, Opocenský opening)"]
[ECO "A45"]
[NIC "QP.07"]
[Time "12:07:24"]
[TimeControl "3600+10"]

1. d4 Nf6 2. Bg5 c5 3. d5 b5 4. g3 d6 5. Bg2 Nbd7 6. e4 g6 7. Ne2 Bg7 8. c3
Rb8 9. O-O O-O 10. Qc1 b4 11. Bh6 bxc3 12. b3 c2 13. Nbc3 Bxh6 14. Qxh6 Ba6
15. Rac1 Ne5 16. Rxc2 Nd3 17. Qd2 Qb6 18. Qe3 Rfc8 19. Bh3 Rc7 20. Rd1 c4
21. Nd4 cxb3 22. axb3 Nb4 23. Rb2 Bc8 24. Bxc8 Rbxc8 25. Na4 Qa6 26. Qd2 Qb7
27. f3 Nd7 28. Kg2 Nc5 29. Nxc5 Rxc5 30. h4 f5 31. exf5 Nxd5 32. fxg6 Rc3
33. gxh7+ Kh8 34. Nf5 Nb4 35. Qg5 Qxf3+ 36. Kh2 Rc2+ 37. Rd2 Rxd2+ 38. Rxd2
Qc3 39. Nxe7 Qxd2+ 40. Qxd2 Rc2 41. Qxc2 Nxc2 42. g4 Nd4 43. g5 Kxh7 44. b4
a6 45. Kh3 Nb5 46. Kg4 Nc3 47. Kf5 Ne2 48. h5 Ng3+ 49. Kg4 Ne4 50. h6 Nf2+
51. Kh5 Nd3 52. g6+ {Black forfeits on time} 1-0

[Event "ICC tourney 1955 (60 10)"]
[Site "Internet Chess Club"]
[Date "2020.08.08"]
[Round "4"]
[White "lemonoosa"]
[Black "clydedrexler22"]
[Result "1-0"]
[ICCResult "Black resigns"]
[WhiteElo "2083"]
[BlackElo "1840"]
[Opening "Queen's pawn, Mason variation"]
[ECO "D00"]
[NIC "QP.08"]
[Time "12:06:59"]
[TimeControl "3600+10"]

1. d4 d5 2. Bf4 Nf6 3. e3 c5 4. Nf3 Nc6 5. c3 Qb6 6. Qc1 Bf5 7. Nbd2 e6 8.
Be2 Rc8 9. O-O h6 10. h3 Be7 11. dxc5 Bxc5 12. Re1 O-O 13. Nf1 Rfd8 14. Ng3
Bh7 15. a4 a5 16. Bb5 Nd7 17. Bxc6 Rxc6 18. Ne5 Rcc8 19. Qd2 Nf8 20. Nh5 f6
21. Ng4 Bg6 22. Nhxf6+ gxf6 23. Nxf6+ Kf7 24. Ng4 h5 25. Ne5+ Kg7 26. Rad1
Be7 27. e4 dxe4 28. Bh6+ Kh7 29. Qf4 Qc7 30. Bxf8 Rxf8 31. Qg3 Be8 32. Rd7
Qxd7 33. Nxd7 Bxd7 34. Rxe4 Rf5 35. Qd3 Rd5 36. Rd4+ Kg7 37. Rxd5 exd5 38.
Qxd5 Bc6 39. Qxh5 Rg8 40. Qxa5 Kf8 41. g3 Rg5 42. Qc7 Rd5 43. Kf1 Rd6 44.
Qc8+ Kf7 45. Qf5+ Rf6 46. Qh7+ Ke6 47. b4 Bf3 48. Qh4 Kd7 49. Qg5 Kd8 50.
Qe3 Bf8 51. b5 Bh6 52. Qd4+ Ke7 53. Qe5+ Re6 54. Qc5+ Kd7 55. b6 Bd2 56.
Qd4+ Rd6 57. Qg7+ Kc6 58. Qc7+ Kd5 59. Qf7+ Kc6 60. Qxf3+ Kxb6 61. Qf8 Rc6
62. Qd8+ {Black resigns} 1-0

[Event "ICC tourney 1955 (60 10)"]
[Site "Internet Chess Club"]
[Date "2020.08.08"]
[Round "4"]
[White "Coolio9000"]
[Black "peekaboopenguin"]
[Result "0-1"]
[ICCResult "White checkmated"]
[WhiteElo "1833"]
[BlackElo "1718"]
[Opening "French: advance, Paulsen attack"]
[ECO "B40"]
[NIC "SI.43"]
[Time "12:06:13"]
[TimeControl "3600+10"]

1. e4 c5 2. Nf3 e6 3. c3 d5 4. e5 Nc6 5. d4 Qb6 6. a3 a5 7. a4 Nge7 8. dxc5
Qxc5 9. Be3 d4 10. Nxd4 Qxe5 11. Bb5 Bd7 12. O-O Qc7 13. Na3 Nd5 14. Bg5 Bd6
15. Qh5 h6 16. Nc4 Bxh2+ 17. Kh1 Bf4 18. Bxf4 Qxf4 19. Bxc6 Bxc6 20. Nxe6
Qxc4 21. Rfe1 g6 22. Nc7+ Kd7 23. Nxd5 Qxd5 24. Qh3+ Qf5 25. Qe3 Rhe8 26.
Red1+ Kc7 27. Qg3+ Qe5 28. f4 Qe3 29. Qh2 Rad8 30. Rxd8 Rxd8 31. f5+ Kc8 32.
fxg6 fxg6 33. Rf1 Qd3 34. Qf4 Qh3+ 35. Qh2 Qxh2+ 36. Kxh2 Rd2 37. Rf8+ Kc7
38. Rf7+ Kb6 39. Rh7 Rxg2+ 40. Kh3 Rxb2 41. Rxh6 Be4 42. Kg4 Bf5+ 43. Kf4
Kc5 44. Ke5 Re2+ 45. Kf6 Kc4 46. Rh7 Kxc3 47. Rxb7 Rb2 48. Ra7 Kb3 49. Rxa5
Ra2 50. Rb5+ Kxa4 51. Rb8 Rg2 52. Rb6 Bc2 53. Rb8 g5 54. Ke5 g4 55. Kf4 Bd1
56. Rb6 Be2 57. Rb8 Rg1 58. Rb6 g3 59. Ke3 Bf1 60. Rg6 g2 61. Kf2 Rh1 62.
Rg3 Rh8 63. Rg4+ Kb3 64. Kg1 Kc3 65. Rg3+ Kd2 66. Kf2 Rf8+ 67. Kg1 Ke2 68.
Rh3 Rg8 69. Rh4 Ke1 70. Rh2 Rg7 71. Rh4 Ba6 72. Re4+ Kd2 73. Rd4+ Ke3 74.
Rh4 Bb7 75. Rb4 Rf7 76. Rb3+ Kd2 77. Rb1 Rh7 78. Rb2+ Kc1 79. Rxg2 Bxg2 80.
Kxg2 Rf7 81. Kg3 Kd2 82. Kg4 Ke3 83. Kg5 Ke4 84. Kg6 Rf1 85. Kg5 Rf2 86. Kg6
Ke5 87. Kg7 Ke6 88. Kg8 Ke7 89. Kg7 Rg2+ 90. Kh6 Kf7 91. Kh5 Kf6 92. Kh4 Kf5
93. Kh3 Rg7 94. Kh2 Rg8 95. Kh3 Rg6 96. Kh4 Rg8 97. Kh3 Kf4 98. Kh2 Kf3 99.
Kh1 Kf2 100. Kh2 Rh8# {White checkmated} 0-1

[Event "ICC tourney 1955 (60 10)"]
[Site "Internet Chess Club"]
[Date "2020.08.08"]
[Round "4"]
[White "TeeKay2020"]
[Black "Aniketshukla"]
[Result "0-1"]
[ICCResult "White checkmated"]
[WhiteElo "1770"]
[BlackElo "2010"]
[Opening "French: Tarrasch, closed variation, main line"]
[ECO "C06"]
[NIC "FR.17"]
[Time "12:06:30"]
[TimeControl "3600+10"]

1. e4 e6 2. d4 d5 3. Nd2 Nf6 4. e5 Nfd7 5. Bd3 c5 6. c3 Nc6 7. Ne2 cxd4 8.
cxd4 f6 9. exf6 Nxf6 10. Nf3 Bd6 11. O-O Qc7 12. Bg5 O-O 13. h3 e5 14. dxe5
Nxe5 15. Nxe5 Bxe5 16. Rc1 Qf7 17. Qc2 Ne4 18. Bxe4 dxe4 19. Qxe4 Bxb2 20.
Rcd1 Bf5 21. Qd5 Be6 22. Qd2 Be5 23. a3 Bc4 24. Be3 a5 25. Rfe1 Bb3 26. Rb1
Rfd8 27. Bd4 a4 28. Qc3 Rac8 29. Qa1 Bd6 30. Rbc1 Qg6 31. Be5 Bc5 32. Bd4
Bd6 33. Be5 Bc5 34. Bd4 Bxd4 35. Nxd4 Bd5 36. g3 Rxc1 37. Qxc1 Qf6 38. Qe3
Bf7 39. Nc2 Re8 40. Qd2 Rxe1+ 41. Qxe1 h6 42. Ne3 Qb2 43. Qb4 Qxb4 44. axb4
Bb3 45. Nf5 a3 46. Nd4 Ba4 47. Kg2 a2 48. Ne2 a1=Q 49. h4 Bc6+ 50. Kh2 Qb2
51. Nf4 Qxf2+ 52. Kh3 Bd7+ 53. g4 Qxf4 54. b5 Bxg4+ 55. Kg2 Qf3+ 56. Kg1 Bh3
57. h5 Qg2# {White checkmated} 0-1

[Event "ICC tourney 1955 (60 10)"]
[Site "Internet Chess Club"]
[Date "2020.08.08"]
[Round "4"]
[White "sushivishwa"]
[Black "myqueen"]
[Result "1/2-1/2"]
[ICCResult "Game drawn by repetition"]
[WhiteElo "1833"]
[BlackElo "1993"]
[Opening "Sicilian: closed"]
[ECO "B24"]
[NIC "SI.44"]
[Time "12:06:22"]
[TimeControl "3600+10"]

1. e4 c5 2. Nc3 Nc6 3. g3 g6 4. Bg2 Bg7 5. Nge2 d6 6. O-O Nf6 7. d4 cxd4 8.
Nxd4 O-O 9. Nb3 Rb8 10. Qe2 a6 11. a4 Be6 12. Nd5 b5 13. axb5 axb5 14. Bg5
Bxd5 15. exd5 Ne5 16. Ra7 h6 17. Be3 Nc4 18. Bd4 Nd7 19. Bxg7 Kxg7 20. Nd4
Nde5 21. Nc6 Nxc6 22. dxc6 Qb6 23. Rfa1 Nxb2 24. Rxe7 Na4 25. Re1 Nc3 26.
Qe6 Qc5 27. c7 Rbc8 28. Bb7 Rxc7 29. Rxc7 Qxc7 30. Qe7 Qxe7 31. Rxe7 Kf6 32.
Rc7 Ne2+ 33. Kg2 Nd4 34. c3 Ne6 35. Rd7 Nc5 36. Rxd6+ Ke7 37. Rc6 Nxb7 38.
Rc7+ Kd6 39. Rxb7 Kc6 40. Re7 h5 41. h4 Kd6 42. Rb7 Kc6 43. Re7 Kd6 44. Rb7
Kc6 45. Re7 Kd6 46. Rb7 {Game drawn by repetition} 1/2-1/2

[Event "ICC tourney 1955 (60 10)"]
[Site "Internet Chess Club"]
[Date "2020.08.08"]
[Round "4"]
[White "chessw23"]
[Black "HR2005"]
[Result "1/2-1/2"]
[ICCResult "Game drawn by mutual agreement"]
[WhiteElo "1862"]
[BlackElo "2061"]
[Opening "Sicilian: Alapin's variation (2.c3)"]
[ECO "B22"]
[NIC "SI.46"]
[Time "12:07:08"]
[TimeControl "3600+10"]

1. e4 c5 2. c3 Nf6 3. e5 Nd5 4. d4 e6 5. Nf3 cxd4 6. cxd4 d6 7. Bc4 Nc6 8.
O-O Be7 9. Qe2 O-O 10. Nc3 dxe5 11. dxe5 Bb4 12. Rd1 Bxc3 13. Bxd5 exd5 14.
bxc3 Bf5 15. Bg5 Qa5 16. Nd4 Nxd4 17. cxd4 Rac8 18. Rac1 h6 19. Be7 Rfe8 20.
Bd6 Rc3 21. a3 Rcc8 22. h3 Qb6 23. Qd2 Rc4 24. Rxc4 dxc4 25. d5 Qb3 26. Rc1
Rc8 27. Bb4 b6 28. Qc3 Qxc3 29. Rxc3 Be4 30. d6 Bf5 31. g4 Be6 32. Rc1 a5
33. Bc3 g5 34. Rb1 Rc6 35. Kf1 Kf8 36. Ke2 Ke8 37. Bd4 c3 38. Rxb6 Bc4+ 39.
Kd1 Rxb6 40. Bxb6 a4 41. Kc2 Bf1 42. h4 gxh4 43. f4 h3 44. Bg1 Be2 45. g5
hxg5 46. fxg5 Kd7 47. Kxc3 Bb5 48. Kb4 Bc6 49. Bh2 Ke6 50. Kc5 Bd7 51. Kb6
Be8 52. Kc7 Bd7 53. Kd8 Bb5 54. Kc7 Be8 55. Kb6 Bd7 56. Kc7
{Game drawn by mutual agreement}
1/2-1/2

[Event "ICC tourney 1955 (60 10)"]
[Site "Internet Chess Club"]
[Date "2020.08.08"]
[Round "4"]
[White "runtilmorrow1"]
[Black "abi2009"]
[Result "0-1"]
[ICCResult "White checkmated"]
[WhiteElo "2010"]
[BlackElo "1810"]
[Opening "Ruy Lopez: closed, Chigorin defense"]
[ECO "C97"]
[NIC "RL.23"]
[Time "12:06:22"]
[TimeControl "3600+10"]

1. e4 e5 2. Nf3 Nc6 3. Bb5 Nf6 4. O-O d6 5. Re1 Be7 6. h3 O-O 7. c3 a6 8.
Ba4 b5 9. Bb3 Na5 10. Bc2 c5 11. d4 Qc7 12. d5 c4 13. Be3 Nb7 14. a4 Bd7 15.
Nbd2 Nc5 16. Qe2 Rfc8 17. axb5 axb5 18. Nh2 Na4 19. Bxa4 Rxa4 20. Rxa4 bxa4
21. Ra1 Rb8 22. Ra2 Bb5 23. f3 Nd7 24. Qf2 f5 25. f4 exf4 26. Qxf4 fxe4 27.
Nxe4 Ne5 28. Ng5 Bxg5 29. Qxg5 Qf7 30. Ra1 Qxd5 31. Ng4 Qe6 32. Bd4 h6 33.
Qe3 Re8 34. Bxe5 dxe5 35. Re1 e4 36. Qc5 Qc6 37. Qf5 Ba6 38. Ne3 Bc8 39. Qh5
Be6 40. Rf1 Qd7 41. Rd1 Qf7 42. Qxf7+ Bxf7 43. Rd4 Rb8 44. Nd1 e3 45. Kf1
Bg6 46. Ke2 Bd3+ 47. Kxe3 Re8+ 48. Kf3 Rf8+ 49. Kg3 Rb8 50. Kf4 Rb5 51. Rd8+
Kf7 52. Ra8 g5+ 53. Kg3 Bc2 54. Ne3 Rxb2 55. Ra7+ Ke8 56. Nxc4 Rb3 57. Nd6+
Kf8 58. Kg4 Rxc3 59. Kh5 Rc6 60. Nb5 Bd1+ 61. g4 Bb3 62. Nd4 Rb6 63. Nxb3
axb3 64. Ra1 b2 65. Rb1 Kg7 66. h4 Rb3 67. Rd1 b1=Q 68. Rd7+ Kf6 69. hxg5+
hxg5 70. Rd6+ Ke5 71. Rd8 Rh3+ 72. Kxg5 Qc1+ 73. Kg6 Qc6+ 74. Kg5 Qf6#
{White checkmated}
0-1

[Event "ICC tourney 1955 (60 10)"]
[Site "Internet Chess Club"]
[Date "2020.08.08"]
[Round "4"]
[White "carlsthe1"]
[Black "SuperPuzzler"]
[Result "1-0"]
[ICCResult "Black checkmated"]
[WhiteElo "2134"]
[BlackElo "1966"]
[Opening "Ruy Lopez: old Steinitz defense"]
[ECO "C62"]
[NIC "RL.02"]
[Time "12:06:27"]
[TimeControl "3600+10"]

1. e4 e5 2. Nf3 Nc6 3. Bb5 d6 4. c3 Nf6 5. d3 Be7 6. O-O O-O 7. Re1 Re8 8.
Nbd2 Bf8 9. h3 g6 10. Nf1 Bg7 11. Ng3 a6 12. Ba4 b5 13. Bb3 h6 14. a4 Bb7
15. axb5 axb5 16. Rxa8 Qxa8 17. Nh4 Na5 18. Ba2 c5 19. Nxg6 d5 20. Nh4 dxe4
21. Nxe4 Nxe4 22. dxe4 c4 23. Qg4 Bc8 24. Nf5 Bxf5 25. exf5 Qc6 26. Re3 Qf6
27. Rg3 Kh8 28. Bb1 Nb7 29. Qh5 e4 30. Be3 Qd6 31. f6 Qxf6 32. Bd4 Qf4 33.
Bxg7+ Kh7 34. Bd4 Rg8 35. Bxe4+ f5 36. Qf7+ Rg7 37. Qxg7# {Black checkmated}
1-0